 Dungeon Crawl Stone Soup version 0.24.1-8-ga250c9d538 (webtiles) character file.

Game seed: 6406078206813626369, levelgen mode: deterministic

50 H0rd4k the Magician (level 3, 0/19 HPs)
             Began as a Deep Elf Wizard on May 7, 2020.
             Shot with a sling bullet by a goblin (1 damage)
             ... led by Robin
             ... on level 2 of the Dungeon.
             The game lasted 00:03:29 (2010 turns).

H0rd4k the Magician (Deep Elf Wizard)               Turns: 2010, Time: 00:03:29

Health: 0/19       AC:  2    Str:  6    XL:     3   Next: 55%
Magic:  10/12      EV: 13    Int: 23    God:
Gold:   148        SH:  0    Dex: 13    Spells: 4/13 levels left

rFire    . . .     SeeInvis .   (no weapon)
rCold    . . .     Gourm    .   (no shield)
rNeg     . . .     Faith    .   a - +0 robe
rPois    .         Spirit   .   b - +0 hat
rElec    .         Reflect  .   (no cloak)
rCorr    .         Harm     .   (no gloves)
MR       .....                  (no boots)
Stlth    ++........             (no amulet)
HPRegen  0.06/turn              e - +2 ring of strength
MPRegen  0.13/turn              (no ring)

@: no status effects
A: no striking features
a: no special abilities


You were on level 2 of the Dungeon.
You were not hungry.

You visited 1 branch of the dungeon, and saw 3 of its levels.

You collected 148 gold pieces.

Inventory:

Missiles
 k - 6 poisoned darts (quivered)
Armour
 a - a +0 robe (worn)
 b - a +0 hat (worn)
Jewellery
 e - a +2 ring of strength (left hand)
Scrolls
 c - 4 scrolls of fear {unknown}
 g - a scroll of teleportation {unknown}
 h - a scroll of immolation {unknown}
 i - a scroll of remove curse {unknown}
 j - 2 scrolls of enchant weapon {unknown}
 l - 2 scrolls of identify {unknown}
 m - a scroll of amnesia {unknown}
 n - a scroll of enchant armour {unknown}
Potions
 f - a potion of heal wounds {unknown}
 o - a potion of agility {unknown}
Comestibles
 d - 6 rations
 p - 2 chunks of flesh


   Skills:
 + Level 2.8 Dodging
 + Level 2.6 Stealth
 + Level 5.8 Spellcasting
 + Level 1.8 Conjurations
   Level 1.1 Summonings
 + Level 1.1 Translocations


You had 4 spell levels left.
You knew the following spells:

 Your Spells              Type           Power        Failure   Level  Hunger
a - Magic Dart            Conj           ##..         4%          1    None
b - Blink                 Tloc           N/A          9%          2    None
c - Conjure Flame         Conj/Fire      ##......     19%         3    #......
d - Mephitic Cloud        Conj/Pois/Air  #.......     21%         3    #......

Your spell library contained the following spells:

 Spells                   Type           Power        Failure   Level  Hunger
 Call Imp                 Summ           ##......     9%          2    None
 Slow                     Hex            #.......     13%         2    None


Dungeon Overview and Level Annotations

Branches:
Dungeon (3/15)

Altars:

Annotations:
D:3 Robin


Message History

Robin shouts!
There is a stone staircase leading up here.
The hobgoblin shouts!
The goblin hits you with a +0 dagger. The gnoll barely misses you.
Robin roars a battlecry!
The goblins go into a battle-frenzy!
The goblin closely misses you. The goblin hits you.
* * * LOW HITPOINT WARNING * * *
The goblin closely misses you. The gnoll misses you.
You hear a shout!
You climb upwards.
There is a stone staircase leading down here.
Casting: Magic Dart (safe; 4% risk of failure)
Confirm with . or Enter, or press ? or * to list all spells.
You blink.
The goblin hits you but does no damage. The goblin hits you with a +0 club.
* * * LOW HITPOINT WARNING * * *
The goblin wields a +0 hunting sling.
The goblin shoots a sling bullet.
The sling bullet hits you.
You die...

#### ##.#.##............###)#
...#######.......############
#.. .......#....####### ##.
..................######## ##
..<....##.#######..w.....###
...######.# ########...######
...# ####.# #########.......
..##
#....########ggggg..........
#.##
#..........@.g##############
#..# #....##########
##.###....######### ########
#................########.......
################..........######
############


You could see 2 gnolls and 4 goblins.

Vanquished Creatures
  3 worms (D:2)
  A dart slug (D:2)
  A giant cockroach (D:1)
  8 hobgoblins
  4 jackals (D:2)
  5 kobolds
  4 bats
  A frilled lizard (D:1)
  7 goblins
  2 rats (D:1)
36 creatures vanquished.

Notes
Turn   | Place    | Note
-------+----------+-------------------------------------------
     0 | D:1      | H0rd4k the Deep Elf Wizard began the quest for the Orb.
     0 | D:1      | Reached XP level 1. HP: 10/10 MP: 7/7
   225 | D:1      | Reached XP level 2. HP: 15/15 MP: 7/9
   522 | D:1      | Reached skill level 5 in Spellcasting
  1136 | D:3      | Noticed Robin
  1254 | D:1      | Reached XP level 3. HP: 17/19 MP: 0/11
  1258 | D:1      | Learned a level 2 spell: Blink
  1262 | D:1      | Learned a level 3 spell: Conjure Flame
  1266 | D:1      | Learned a level 3 spell: Mephitic Cloud
  2010 | D:2      | Shot with a sling bullet by a goblin

Levels and vault maps discovered:
D:1:      minmay_arrival_diagonal_passages, layout_basic
D:2:      layout_rooms
D:3:      layout_loops_ring, lemuel_doored_altar, lemuel_angel_altar, uniq_robin

Skill      XL: |  1  2 |
---------------+-------+-----
Spellcasting   | 5 |  5.8
Dodging        | |  2.8
Stealth        | |  2.6
Conjurations   | |  1.8
Summonings     | |  1.1
Translocations | |  1.1

Action                   || total
-------------------------++-------
 Cast: Magic Dart        ||   126
       Blink             ||     1
  Eat: Chunk             ||     3
Armor: Robe              ||     6
Dodge: Dodged            ||    20
